 Dungeon Crawl Stone Soup version 0.31-a0-174-g85c54bcb58 (webtiles) character file.

Game seed: 17395651434226106391

359 qw the Chopper (level 6, -1/38 HPs)
             Began as a Gargoyle Fighter on June 15, 2023.
             Slain by a black bear (6 damage)
             ... on level 6 of the Dungeon.
             The game lasted 00:01:07 (2493 turns).

qw the Chopper (Gargoyle Fighter)                   Turns: 2493, Time: 00:01:08

Health: -1/38      AC: 14    Str: 22    XL:     6   Next: 65%
Magic:  6/6        EV:  8    Int:  8    God:
Gold:   67         SH:  4    Dex:  9    Spells: 5/5 levels left

rFire   . . .        Y - +0 war axe
rCold   . . .        c - +0 buckler
rNeg    + . .        i - +0 chain mail
rPois   inf          (no helmet)
rElec   +            (no cloak)
rCorr   .            f - +0 pair of gloves
SInv    .            (no boots)
Will    .....        (no amulet) Stlth
                     (no ring)
HPRegen 0.26/turn    (no ring)
MPRegen 0.10/turn

%: no passive effects
@: no status effects
A: sickness immunity, AC +4, negative energy resistance 1, electricity
resistance, torment resistance 1, petrification resistance
a: no special abilities


You were on level 6 of the Dungeon.
You visited 1 branch of the dungeon, and saw 4 of its levels.

You collected 67 gold pieces.


Innate Abilities, Weirdness & Mutations

You are immune to sickness and miasma.
Your stone body is resilient. (AC +4)
You are immune to poison.
You resist negative energy. (rN+)
You are resistant to electric shocks. (rElec)
You are resistant to unholy torment.
You are immune to petrification.


   Skills:
 - Level 4.1 Fighting
 + Level 5.9 Axes
 - Level 3.2 Armour
 - Level 3.2 Shields


You had 5 spell levels left.
You didn't know any spells.
Your spell library was empty.

Inventory:

Hand Weapons
 g - a +0 flail
 Y - a +0 war axe (weapon)
Armour
 c - a +0 buckler (worn)
 f - a +0 pair of gloves (worn)
 i - a +0 chain mail (worn)
Scrolls
 a - a scroll of identify
Potions
 b - a potion of curing {unknown}
 d - a potion of might
 e - a potion of heal wounds {unknown}
 k - a potion of experience {unknown}

Dungeon Overview and Level Annotations

Branches:
Dungeon (6/15)
 Temple: D:4-7

Altars:


Message History

The gnoll hits you but does no damage.
The black bear bites you but does no damage.
The black bear barely misses you. The black bear claws you.
You block the gnoll bouda's attack. The gnoll barely misses you.
You slash the gnoll bouda!
You kill the gnoll bouda!
You hit the gnoll. You hit the black bear.
The gnoll hits you but does no damage. You block the black bear's attack.
The black bear barely misses you.
The black bear claws you but does no damage.
The gnoll barely misses you.
You closely miss the black bear.
The black bear is heavily wounded.
You hit the gnoll. You block the gnoll's attack.
The black bear bites you but does no damage.
The black bear claws you but does no damage. x2
The gnoll hits you from afar with a +0 halberd.
You barely miss the black bear.
The black bear is heavily wounded.
You closely miss the gnoll. The gnoll hits you but does no damage.
The black bear barely misses you.
The black bear claws you but does no damage.
You block the black bear's attack. The gnoll hits you but does no damage.
You hit the black bear.
The black bear is severely wounded.
You barely miss the gnoll. You block the gnoll's attack.
The black bear goes berserk!
The gnoll hits you from afar with a +0 halberd.
The gnoll hits you but does no damage.
You hit the black bear.
The black bear is severely wounded.
You barely miss the gnoll.
The black bear bites you but does no damage.
The black bear closely misses you.
The black bear claws you but does no damage.
The gnoll barely misses you. The black bear bites you.
The black bear claws you but does no damage.
The black bear claws you.
You die...

###
..######.#
#......#)###
##.@ggg#
#...h#..#
#..#####.#
#.# ... #.
#h< . ..g. .
..# #. .#


You could see a black bear (berserk) and 3 gnolls.

Vanquished Creatures
  An ice beast (D:3)
  A sky beast (D:3)
  A gnoll bouda (D:6)
  Jessica (D:3)
  Natasha (D:2)
  A gnoll (D:1)
  3 adders
  A worm (D:2)
  6 dart slugs
  An orc (D:3)
  3 endoplasms (D:3)
  3 giant cockroaches
  4 goblins
  2 hobgoblins
  A quokka (D:3)
  9 ball pythons
  5 bats
  2 frilled lizards
  5 kobolds
  4 rats
55 creatures vanquished.

Notes
Turn   | Place    | Note
-------+----------+-------------------------------------------
     0 | D:1      | qw the Gargoyle Fighter began the quest for the Orb.
     0 | D:1      | Reached XP level 1. HP: 14/14 MP: 1/1
     0 | D:1      | 0 ||| qw: Version: 0.2-a-29-g511e9b1
     0 | D:1      | 0 ||| qw: Game counter: 5476
     0 | D:1      | 0 ||| qw: Always use a shield: true
     0 | D:1      | 0 ||| qw: God list: Okawaru
     0 | D:1      | 0 ||| qw: Allow faded altars: false
     0 | D:1      | 0 ||| qw: Do Orc after D:15 true
     0 | D:1      | 0 ||| qw: Do second Lair branch before Depths: true
     0 | D:1      | 0 ||| qw: Lair rune preference: random
     0 | D:1      | 0 ||| qw: Plans: Normal, Zot:1-4, Slime:5, God:TSO, Crypt,
                  | Tomb, Abyss, Pan, Hells, Win
     0 | D:1      | 0 ||| PLANNING D:1-11
    97 | D:1      | Reached skill level 2 in Axes
   168 | D:1      | Reached XP level 2. HP: 9/19 MP: 2/2
   169 | D:1      | HP: 1/19 [gnoll/+0 flail (5)]
   249 | D:1      | 249 ||| DROPPING +0 vampiric whip.
   311 | D:1      | Reached skill level 3 in Axes
   392 | D:1      | Reached XP level 3. HP: 23/23 MP: 3/3
   962 | D:1      | 962 ||| UPGRADING to +0 pair of gloves.
   967 | D:1      | 967 ||| READING scroll labelled MEOGRETESI.
   968 | D:1      | 968 ||| READING scroll labelled ALASIAX ONEF.
   969 | D:1      | 969 ||| READING scroll labelled WUOR TAMU GAZ.
  1193 | D:2      | Noticed Natasha
  1201 | D:2      | Killed Natasha
  1202 | D:2      | Reached XP level 4. HP: 24/28 MP: 4/4
  1454 | D:2      | Reached skill level 4 in Axes
  1656 | D:2      | 1656 ||| UPGRADING to +0 chain mail.
  1666 | D:2      | 1666 ||| DROPPING +0 scale mail.
  1667 | D:2      | 1667 ||| READING scroll labelled CUNKOUGEHY.
  1668 | D:2      | 1668 ||| READING scroll labelled GOETUBOGUE.
  1866 | D:3      | Noticed an ice beast
  1883 | D:3      | Killed an ice beast
  1884 | D:3      | Reached skill level 5 in Axes
  1884 | D:3      | Reached XP level 5. HP: 11/32 MP: 5/5
  1978 | D:3      | 1978 ||| Stepping ~*~*~tactically~*~*~ (stealth).
  2124 | D:3      | Noticed Jessica
  2125 | D:3      | 2125 ||| Stepping ~*~*~tactically~*~*~ (hiding).
  2133 | D:3      | 2133 ||| Stepping ~*~*~tactically~*~*~ (hiding).
  2141 | D:3      | Killed Jessica
  2160 | D:3      | Reached XP level 6. HP: 35/38 MP: 6/6
  2358 | D:3      | Noticed a sky beast
  2374 | D:3      | Killed a sky beast
  2469 | D:3      | You fall into a shaft and drop 3 floors!
  2471 | D:6      | 2471 ||| PLANNING SEWER
  2472 | D:6      | Noticed a black bear
  2473 | D:6      | 2473 ||| Stepping ~*~*~tactically~*~*~ (hiding).
  2474 | D:6      | 2474 ||| Stepping ~*~*~tactically~*~*~ (hiding).
  2490 | D:6      | HP: 8/38 [gnoll/+0 halberd[a gnoll bouda] (4)]
  2493 | D:6      | Slain by a black bear

Levels and vault maps discovered:
D:1:      saegor_arrival_simple_b, layout_loops_corners
D:2:      layout_loops_ring, uniq_natasha
D:3:      layout_loops_corners, minmay_distorted, uniq_jessica
D:6:      layout_rooms, kennysheep_little_box, portal_sewer_entry_e

Skill      XL: |  1  2  3  4  5 |
---------------+----------------+-----
Axes           | 2 3 5 |  5.9
Fighting       | 4 |  4.1
Armour         | |  3.2
Shields        | |  3.2

Action                     |  1- 3 |  4- 6 || total
---------------------------+-------+-------++-------
  Melee: War axe           |    65 |   123 ||   188
    Use: Scroll            |     3 |     2 ||     5
 Armour: Scale mail        |    34 |    17 ||    51
         Chain mail        |       |    82 ||    82
  Dodge: Dodged            |    18 |    59 ||    77
  Block: Buckler           |    11 |    26 ||    37

Table legend:
 A = Non-vault XP
 B = Vault XP
 C = Vault XP percentage of total XP
 D = Non-vault monster count
 E = Vault monster count
 F = Vault count percentage of total count
                 A         B        C        D         E       F
            +---------+---------+-------+---------+---------+-------
      Total |     294 |     220 |  42.8 |      50 |       5 |   9.1
            +---------+---------+-------+---------+---------+-------
        D:1 |      46 |       0 |   0.0 |      19 |       0 |   0.0
        D:2 |      27 |      35 |  56.5 |      13 |       1 |   7.1
        D:3 |     163 |     185 |  53.2 |      16 |       4 |  20.0
        D:6 |      58 |       0 |   0.0 |       2 |       0 |   0.0
            +---------+---------+-------+---------+---------+-------
